 Dungeon Crawl Stone Soup version 0.27.1-35-g4d5d836560 (webtiles) character file.

Game seed: 3997175433585644733

15 cbfl8 the Sneak (level 2, -1/27 HPs)
             Began as a Minotaur Delver on Mar 19, 2022.
             Killed by nerve-wracking pain
             ... invoked by an orc priest
              (11 damage)
             ... on level 5 of the Dungeon.
             The game lasted 00:00:20 (144 turns).

cbfl8 the Sneak (Minotaur Delver)                    Turns: 144, Time: 00:00:21

Health: -1/27      AC:  3    Str: 16    XL:     2   Next: 34%
Magic:  1/1        EV: 11    Int:  7    God:
Gold:   0          SH:  0    Dex: 11    Spells: 1/1 levels left

rFire    . . .     SeeInvis .   a - +0 hand axe
rCold    . . .     Faith    .   (no shield)
rNeg     . . .     Spirit   .   b - +0 leather armour
rPois    .         Reflect  .   (helmet restricted)
rElec    .         Harm     .   (no cloak)
rCorr    .         Rampage  .   (no gloves)
Will     .....                  (no boots)
Stlth    ++........             (no amulet)
HPRegen  0.09/turn              (no ring)
MPRegen  0.07/turn              (no ring)

@: hasted, very quick
A: horns 2, retaliatory headbutt
a: no special abilities


You were on level 5 of the Dungeon.
You visited 1 branch of the dungeon, and saw 1 of its levels.

Inventory:

Hand Weapons
 a - a +0 hand axe (weapon)
Armour
 b - a +0 leather armour (worn)
Wands
 g - a wand of digging (3)
Scrolls
 c - a scroll of fog
 d - a scroll of magic mapping
 e - a scroll of fear


   Skills:
 + Level 3.9 Fighting
 + Level 2.5 Axes
 + Level 0.2 Armour
 + Level 2.2 Dodging
 + Level 4.4 Stealth


You had one spell level left.
You didn't know any spells.
Your spell library was empty.

Dungeon Overview and Level Annotations

Branches:
Dungeon (5/15)
 Temple: D:4-7

Altars:


Innate Abilities, Weirdness & Mutations

You have a pair of horns on your head.
You reflexively headbutt those who attack you in melee.


Message History

You barely miss the orc. You hit the orc. The orc hits you with a +0 war axe.
The orc hits you with a +0 dagger.
You barely miss the orc. You headbutt the orc, but do no damage.
You hit the orc. The orc barely misses you. You furiously retaliate!
You headbutt the orc!
You kill the orc!
The orc barely misses you. You furiously retaliate!
You headbutt the orc, but do no damage. The adder misses you.
You barely miss the orc. You closely miss the adder.
The orc hits you with a +0 dagger. The adder bites you.
* * * LOW HITPOINT WARNING * * *
You hit the orc but do no damage. You hit the adder. The orc barely misses you.
You furiously retaliate!
You headbutt the orc!
You kill the orc!
The adder bites you.
* * * LOW HITPOINT WARNING * * *
The adder barely misses you.
You hit the adder.
The adder is severely wounded.
The adder closely misses you.
Your leather armour prevents you from hitting the adder.
You headbutt the adder.
You kill the adder!
You have reached level 2!
Things that are here:
a +0 dagger; a +0 chain mail; an orc corpse You start resting.
An ogre comes into view. It is wielding a +0 giant club.
An ogre is nearby!
Okay, then.
You feel yourself speed up.
The ogre shouts!
There is an open door, spattered with blood here.
You see here an adder corpse.
An orc priest comes into view. It is wielding a +0 mace.
The orc priest shouts!
You hear a shout! x2; You hear an angry hiss.
You hear a shout!
The orc priest invokes the aid of Beogh against you.
Pain shoots through your body!
You die...

#.......# ##.......#
#........+ #........#
#........# #........#
#........#
##########.....@.# .
#........#....O..# ...
#........#......o##.....
#........†..............
#......))#.............. #
#........#.............. ..
#.......O#.......########...
#.....>..#########..........
########.....o..............


You could see an ogre and an orc priest.

Vanquished Creatures
  An adder (D:5)
  3 orcs (D:5)
4 creatures vanquished.

Notes
Turn   | Place    | Note
-------+----------+-------------------------------------------
     0 | D:5      | cbfl8 the Minotaur Delver began the quest for the Orb.
     0 | D:5      | Reached XP level 1. HP: 19/19 MP: 0/0
    44 | D:5      | HP: 1/20 [adder (4)]
    47 | D:5      | Reached XP level 2. HP: 1/27 MP: 1/1
   130 | D:5      | Noticed an ogre
   144 | D:5      | Killed from afar by an orc priest

Illustrated notes

Levels and vault maps discovered:
D:5:      kennysheep_kobold_camp, layout_gridville,
          beargit_hepliaklqana_dungeon_heroes, uniq_eustachio

Action                   || total
-------------------------++-------
Melee: Hand axe          ||     8
       Headbutt          ||     3
  Use: Potion            ||     1
Dodge: Dodged            ||    11
